 Dungeon Crawl Stone Soup version 0.23.0-3-gf3c87f2df8 (webtiles) character file.

Game seed: 5594065719400182575

176 Sludgepup the Grave Robber (level 5, -3/29 HPs)
             Began as a Deep Elf Necromancer on Feb 23, 2019.
             Killed from afar by an orc wizard (11 damage)
             ... with a puff of flame
             ... on level 4 of the Dungeon.
             The game lasted 00:07:16 (3295 turns).

Sludgepup the Grave Robber (Deep Elf Necromancer)   Turns: 3295, Time: 00:07:17

Health: -3/29      AC:  2    Str:  5    XL:     5   Next: 30%
Magic:  5/13       EV: 13    Int: 21    God:
Gold:   100        SH:  0    Dex: 15    Spells: 1/12 levels left

rFire    . . .     SeeInvis .   e - +0 whip (elec)
rCold    . . .     Gourm    .   (no shield)
rNeg     . . .     Faith    .   a - +0 robe
rPois    .         Spirit   .   (no helmet)
rElec    .         Reflect  .   (no cloak)
rCorr    .         Harm     .   (no gloves)
MR       .....                  (no boots)
Stlth    ++........             i - amulet of regeneration
HPRegen  0.49/turn              (no ring)
MPRegen  0.13/turn              (no ring)

@: no status effects
A: no striking features
a: no special abilities


You were on level 4 of the Dungeon.
You were not hungry.

You visited 1 branch of the dungeon, and saw 4 of its levels.

You collected 100 gold pieces.

Inventory:

Hand Weapons
 e - a +0 whip of electrocution (weapon)
 f - a +1 dagger of venom
 j - a +0 dagger
 n - a +1 mace of holy wrath
Missiles
 b - 86 stones (quivered)
 g - 7 sling bullets
 h - 26 arrows
Armour
 a - a +0 robe (worn)
Jewellery
 i - an amulet of regeneration (around neck)
Wands
 l - a wand of digging (7)
Scrolls
 d - a scroll of teleportation {unknown}
 m - 2 scrolls of identify {unknown}
Potions
 k - 2 potions of cancellation {unknown}
Comestibles
 c - a ration
 o - a chunk of flesh


   Skills:
 * Level 1.6 Fighting
 * Level 1.4 Maces & Flails
 - Level 2.6 Dodging
 - Level 2.5 Stealth
 - Level 4.4 Spellcasting
 - Level 6.0 Necromancy


You had one spell level left.
You knew the following spells:

 Your Spells              Type           Power        Failure   Level  Hunger
a - Pain                  Necr           ####         1%          1    None
b - Vampiric Draining     Necr           ####......   3%          3    ##.....
c - Regeneration          Chrm/Necr      ###.......   10%         3    ##.....
d - Animate Dead          Necr           N/A          10%         4    ####...

Your spell library contained the following spells:

 Spells                   Type           Power        Failure   Level  Hunger
 Animate Skeleton         Necr           N/A          1%          1    None


Dungeon Overview and Level Annotations

Branches:
Dungeon (4/15)
 Temple: D:4-7

Altars:
Trog


Message History

Casting: Pain (safe; 1% risk of failure)
Confirm with . or Enter, or press ? or * to list all spells.
Aiming: Pain (safe; 1% risk of failure)
Press: ? - help, Shift-Dir - straight line, f/p - orc
Aim: an orc, wielding a +0 mace and wearing a cursed +0 ring mail (severely wounded, chance to defeat MR: 93%)
The orc writhes in agony.
You kill the orc!
Casting: Pain (safe; 1% risk of failure)
Confirm with . or Enter, or press ? or * to list all spells.
Aiming: Pain (safe; 1% risk of failure)
Press: ? - help, Shift-Dir - straight line, f - orc wizard
Aim: an orc wizard, wielding a -2 dagger and wearing a +0 robe (fast, chance to defeat MR: 84%)
The orc wizard writhes in agony.
The orc wizard gestures at you while chanting.
The puff of flame hits you!
* * * LOW HITPOINT WARNING * * *
Unknown command.
The orc wizard casts a spell at you. The puff of flame hits you!
You die...

## #..##.####.#
##.? #.#.#.###.##
...# #.#......##
#.#+ #.#.#####.##
# ##).## #..##
##.#
#..###....####.##
##.
#....###..o.o.#
#.
#..###..?(####.#
#. # ##.@## #.#
#. #.#+ #.. #.
...# #..# #.
##..# #.(# #.
##.# #... .. #.#
..# #+#


You could see an orc wizard.

Vanquished Creatures
  A howler monkey (D:4)
  An orc wizard (D:2)
  2 hound skeletons (D:4)
  A worm (D:3)
  4 dart slugs
  2 leopard geckos (D:3)
  7 orcs
  2 giant cockroaches
  8 goblins
  7 hobgoblins
  4 jackals (D:1)
  4 kobolds
  4 quokkas
  10 bats
  A leopard gecko skeleton (D:4)
  6 rats
64 creatures vanquished.

Notes
Turn   | Place    | Note
-------+----------+-------------------------------------------
     0 | D:1      | Sludgepup the Deep Elf Necromancer began the quest for the
                  | Orb.
     0 | D:1      | Reached XP level 1. HP: 10/10 MP: 6/6
   138 | D:1      | Reached skill level 5 in Necromancy
   217 | D:1      | Reached XP level 2. HP: 2/15 MP: 0/8
  1163 | D:1      | Reached XP level 3. HP: 19/19 MP: 8/10
  1413 | D:2      | Learned a level 3 spell: Vampiric Draining
  1417 | D:2      | Learned a level 3 spell: Regeneration
  2185 | D:3      | Noticed Grinder
  2266 | D:2      | Reached XP level 4. HP: 9/24 MP: 4/12
  2474 | D:2      | Reached skill level 6 in Necromancy
  2722 | D:3      | Learned a level 4 spell: Animate Dead
  2861 | D:3      | Paralysed by Grinder for 3 turns
  3008 | D:3      | Found a bloodstained altar of Trog.
  3269 | D:4      | Reached skill level 1 in Fighting
  3277 | D:4      | Reached skill level 1 in Maces & Flails
  3280 | D:4      | Reached XP level 5. HP: 22/29 MP: 9/13
  3295 | D:4      | Killed from afar by an orc wizard

Skill      XL: |  1  2  3  4 |
---------------+-------------+-----
Necromancy     | 5 6 |  6.0
Spellcasting   | 4 |  4.4
Fighting       | 1 |  1.6
Maces & Flails | 1 |  1.4
Dodging        | |  2.6
Stealth        | |  2.5

Action                   |  1- 3 |  4- 6 || total
-------------------------+-------+-------++-------
Melee: Unarmed           |     3 |       ||     3
       Dagger            |    28 |       ||    28
       Whip              |       |    12 ||    12
 Cast: Pain              |    63 |    45 ||   108
       Vampiric Draining |     2 |     5 ||     7
       Regeneration      |     2 |       ||     2
  Use: Potion            |     1 |       ||     1
       Scroll            |       |     2 ||     2
 Stab: Sleeping          |       |     1 ||     1
  Eat: Chunk             |     2 |     2 ||     4
       Ration            |     1 |       ||     1
Armor: Robe              |    12 |     4 ||    16
Dodge: Dodged            |    75 |    17 ||    92
